 Dungeon Crawl Stone Soup version 0.31.0-9-g3a7656b989 (webtiles) character file.

Game seed: 14023566596143327643

42 qw the Shooter (level 3, -2/18 HPs)
             Began as a Spriggan Hunter on Feb 2, 2024.
             Slain by Pikel
             ... wielding a +1 whip of freezing
              (3 damage)
             ... on level 4 of the Dungeon.
             The game lasted 00:00:04 (1156 turns).

qw the Shooter (Spriggan Hunter)                    Turns: 1156, Time: 00:00:05

Health: -2/18      AC:  2    Str:  7    XL:     3   Next: 35%
Magic:  4/4        EV: 19    Int: 10    God:
Gold:   51         SH:  5    Dex: 20    Spells: 2/2 levels left

rFire   . . .        a - +0 shortbow
rCold   . . .        (shield currently unavailable)
rNeg    . . .        c - +0 robe
rPois   .            (helmet restricted)
rElec   .            (no cloak)
rCorr   .            (gloves unavailable)
SInv    +            (boots unavailable)
Will    .....        f - amulet of reflection
Stlth   ++           (no ring)
HPRegen 0.23/turn    (no ring)
MPRegen 0.09/turn

%: reflection
@: lethally poisoned (-2 -> -4), very quick
A: very small, no large weapons, unfitting armour, see invisible, speed 3
a: no special abilities


You were on level 4 of the Dungeon.
You visited 1 branch of the dungeon, and saw 3 of its levels.

You collected 51 gold pieces.


Innate Abilities, Weirdness & Mutations

You are very small and have problems with some larger weapons.
You are too small for most types of armour.
You have supernaturally acute eyesight. (SInv)
You cover ground extremely quickly. (Speed+++)


   Skills:
 - Level 1.5 Fighting
 + Level 4.7 Ranged Weapons
 - Level 4.0 Dodging
 - Level 1.5 Stealth


You had 2 spell levels left.
You didn't know any spells.
Your spell library was empty.

Inventory:

Hand Weapons
 a - a +0 shortbow (weapon)
Armour
 c - a +0 robe (worn)
Jewellery
 f - an amulet of reflection (around neck)
 g - a ring of fire
Scrolls
 j - a scroll of revelation {unknown}
 k - a scroll of enchant weapon {unknown}
Potions
 b - a potion of enlightenment {unknown}
 d - a potion of ambrosia {unknown}
 e - a potion of invisibility {unknown}
 h - a potion of curing {unknown}
 i - a potion of haste {unknown}
 l - a potion of cancellation {unknown}

Dungeon Overview and Level Annotations

Branches:
Dungeon (2/15)             Temple (0/1) D:4

Altars:
The Shining One

Shops:
D:4 [

Annotations:
D:4 Pikel


Message History

The lemure completely misses you.
1144 ||| RETREEEEATING.
The lemure attacks as it pursues you! The lemure hits you.
You shoot an arrow. The arrow hits the lemure.
The lemure is moderately wounded.
The lemure hits you.
You shoot an arrow. The arrow closely misses the lemure.
The lemure barely misses you.
Enter note:
Enter note:
1147 ||| RETREEEEATING.
A lemure comes into view.
1148 ||| RETREEEEATING.
1149 ||| RETREEEEATING.
Enter note:
1150 ||| RETREEEEATING.
You shoot an arrow. The arrow hits the lemure.
The lemure is heavily wounded.
You shoot an arrow. The arrow hits the lemure.
The lemure is heavily wounded.
You block the lemure's attack. The adder barely misses you.
You shoot an arrow. The arrow barely misses Pikel.
The adder completely misses you. The adder barely misses you.
You shoot an arrow. The arrow hits Pikel!
Pikel is moderately wounded.
The adder completely misses you. Pikel closely misses you.
You shoot an arrow.
The arrow hits Pikel but does no damage.
Pikel is moderately wounded.
The adder bites you.
You are poisoned.
The adder poisons you! Pikel completely misses you.
The adder bites you but does no damage.
You shoot an arrow. The arrow barely misses Pikel.
The arrow barely misses the lemure.
You feel sick. Pikel closely misses you. The adder closely misses you.
Pikel hits you with a +1 whip of freezing!
Pikel freezes you.
You die...
Pikel says, "See you in Hell!"

## ### .. ..
..# #5#
.##.# .5 .5.
..#.#
#.###.##S..#
.K....#.#S#
##[##..)#@#
.....#.#.#K#
#.# ...#..5#
..# #.#.###
...#...# ..
#.#.#.##
#.##...#..#
....#.#.##
##.##...#


You could see Pikel, a lemure and an adder.

Vanquished Creatures
  A white imp (D:4)
  A dart slug (D:1)
  3 orcs (D:4)
  An endoplasm (D:1)
  3 goblins
  A hobgoblin (D:1)
  A quokka (D:2)
  3 ball pythons
  A frilled lizard (D:1)
  2 goblin skeletons (D:4)
  2 goblin zombies (D:4)
  4 hobgoblin zombies (D:4)
  5 kobolds
  A kobold skeleton (D:4)
  A kobold zombie (D:4)
  An orc skeleton (D:4)
  An orc zombie (D:4)
32 creatures vanquished.

Notes
Turn   | Place    | Note
-------+----------+-------------------------------------------
     0 | D:1      | qw the Spriggan Hunter began the quest for the Orb.
     0 | D:1      | Reached XP level 1. HP: 10/10 MP: 2/2
     0 | D:1      | 0 ||| qw: Version: 0.3-a-155-g5e7d8dd
     0 | D:1      | 0 ||| qw: Game counter: 2490
     0 | D:1      | 0 ||| qw: Melee chars always use a shield: true
     0 | D:1      | 0 ||| qw: God list: Okawaru
     0 | D:1      | 0 ||| qw: Allow faded altars: false
     0 | D:1      | 0 ||| qw: Do Orc after clearing Dungeon:15 true
     0 | D:1      | 0 ||| qw: Do second Lair branch before Depths: true
     0 | D:1      | 0 ||| qw: Lair rune preference: random
     0 | D:1      | 0 ||| qw: Goals: Normal
     0 | D:1      | 0 ||| PLANNING D:1-11
    22 | D:1      | Reached skill level 3 in Dodging
    43 | D:1      | Found a faded altar of an unknown god.
    47 | D:1      | Reached XP level 2. HP: 14/14 MP: 3/3
   574 | D:1      | 574 ||| UPGRADING to amulet of reflection.
   579 | D:1      | 579 ||| READING scroll labelled RAEPLI FUIRGH.
   579 | D:1      | 579 ||| IDENTIFYING coppery potion
   580 | D:1      | 580 ||| READING scroll labelled LEEFOS VAUPNY.
   581 | D:1      | 581 ||| READING scroll labelled NUSSUO ICVI VAKU.
   608 | D:1      | 608 ||| DROPPING scroll of butterflies.
   609 | D:1      | 609 ||| DROPPING potion of degeneration.
   882 | D:2      | You fall into a shaft and drop 2 floors!
   891 | D:4      | Found Oddo's Armour Shop.
   910 | D:4      | Found a staircase to the Ecumenical Temple.
   911 | D:4      | 911 ||| PLANNING TEMPLE
   974 | D:4      | Found a glowing golden altar of the Shining One.
   976 | D:4      | HP: 2/14 [white imp/puff of frost (12)]
   983 | D:4      | Reached XP level 3. HP: 4/18 MP: 4/4
  1131 | D:4      | Noticed a lemure
  1131 | D:4      | Noticed a lemure
  1131 | D:4      | Noticed Pikel
  1132 | D:4      | 1132 ||| RETREEEEATING.
  1134 | D:4      | 1134 ||| RETREEEEATING.
  1137 | D:4      | 1137 ||| RETREEEEATING.
  1140 | D:4      | 1140 ||| RETREEEEATING.
  1142 | D:4      | 1142 ||| RETREEEEATING.
  1143 | D:4      | Noticed a lemure
  1144 | D:4      | 1144 ||| RETREEEEATING.
  1147 | D:4      | 1147 ||| RETREEEEATING.
  1147 | D:4      | Noticed a lemure
  1148 | D:4      | 1148 ||| RETREEEEATING.
  1149 | D:4      | 1149 ||| RETREEEEATING.
  1150 | D:4      | 1150 ||| RETREEEEATING.
  1156 | D:4      | HP: 1/18 [Pikel/+1 whip of freezing (8)]
  1156 | D:4      | Slain by Pikel

Levels and vault maps discovered:
D:1:      dpeg_arrival_connections, layout_loops_ring,
          shapermc_ecumenical_altar_starsandcircs
D:2:      layout_basic, uniq_terence
D:4:      minmay_razor_zed, layout_rooms, grunt_dithmenos_smoke,
          nicolae_tso_besieged_by_evil, temple_doors_cd, serial_shops,
          nicolae_shop_statue_plus, nicolae_concentric_dashed_squares_wild,
          uniq_pikel

Skill      XL: |  1  2 |
---------------+-------+-----
Dodging        | 3 4 |  4.0
Fighting       | |  1.5
Ranged Weapons | |  4.7
Stealth        | |  1.5

Action                     || total
---------------------------++-------
   Fire: Shortbow          ||    85
    Use: Scroll            ||     3
 Armour: Robe              ||     8
  Dodge: Dodged            ||    21
  Block: Other             ||     4

Table legend:
 A = Non-vault XP
 B = Vault XP
 C = Vault XP percentage of total XP
 D = Non-vault monster count
 E = Vault monster count
 F = Vault count percentage of total count
                 A         B        C        D         E       F
            +---------+---------+-------+---------+---------+-------
      Total |      38 |      23 |  37.7 |      19 |      13 |  40.6
            +---------+---------+-------+---------+---------+-------
        D:1 |      21 |       0 |   0.0 |      11 |       0 |   0.0
        D:2 |       4 |       0 |   0.0 |       3 |       0 |   0.0
        D:4 |      13 |      23 |  63.9 |       5 |      13 |  72.2
            +---------+---------+-------+---------+---------+-------
